Cogmind - Beta 12 @@@ ROGUE MODE // 2023.09.29 @ 20:59:03 Player: 16th Result: Destroyed by D-53 Grenadier with Mini Grenade Launcher Performance ------------- Evolutions (1) 500 Regions Visited (4) 800 Robots Destroyed (56) 280 Value Destroyed (1206) 1206 Prototype IDs (0) 0 Alien Tech Used (0) 0 Bonus (0) 0 TOTAL SCORE: 2786 Bonus ------- None Cogmind --------- Core Integrity 0/400 Matter 292/300 Energy 99/100 System Corruption 7% Temperature Cool (0) Movement Core (50) Location -9/Mines Parts ------- > --- POWER (1) -------- (None) > --- PROPULSION (2) --- (None) > --- UTILITY (3) ------ (None) > --- WEAPON (3) ------- (None) > --- INVENTORY (5) ---- (None) Peak State ------------ > --- POWER ------------ Ion Engine > --- PROPULSION ------- Light Treads Light Treads > --- UTILITY ---------- Improved Heat Sink Medium Armor Plating Medium Armor Plating > --- WEAPON ----------- Backup Laser I Beam Rifle Beam Rifle > --- INVENTORY -------- Improved Ion Engine Grenade Launcher [Rating: 15] Favorites ----------- Power Ion Engine Engine Ion Engine Propulsion Light Treads Treads Light Treads Leg Aluminum Leg Flight Unit Flight Unit Utility Medium Armor Plating Device Improved Heat Sink Storage Small Storage Unit Processor Transport Network Coupler Protection Medium Armor Plating Weapon Beam Rifle Energy Gun Beam Rifle Ballistic Gun Assault Rifle Launcher Grenade Launcher Build | -11 -10 -10 -9 -9 ------- Run | Jun Mat Min Mat Min Slots Evolved 2 | . . . 2 . Power . | . . . . . Propulsion . | . . . . . Utility 1 | . . . 1 . Weapon 1 | . . . 1 . Parts Attached 39 | 6 13 2 15 3 Power 7 | 1 3 1 1 1 Engine 7 | 1 3 1 1 1 Core . | . . . . . Reactor . | . . . . . Propulsion 11 | 2 . . 9 . Treads 2 | 2 . . . . Leg 6 | . . . 6 . Wheel . | . . . . . Hover . | . . . . . Flight 3 | . . . 3 . Utility 8 | 1 5 1 1 . Device 1 | . 1 . . . Storage 1 | 1 . . . . Processor 1 | . 1 . . . Hackware . | . . . . . Protection 5 | . 3 1 1 . Artifact . | . . . . . Weapon 13 | 2 5 . 4 2 Energy Gun 9 | 1 4 . 4 . Energy Cannon . | . . . . . Ballistic Gun 3 | 1 1 . . 1 Ballistic Cannon . | . . . . . Launcher 1 | . . . . 1 Special Weapon . | . . . . . Impact Weapon . | . . . . . Slashing Weapon . | . . . . . Piercing Weapon . | . . . . . Special Melee Weapon . | . . . . . Unidentified Prototypes . | . . . . . Parts Lost 17 | . . 1 5 11 Power 4 | . . 1 1 2 Propulsion 4 | . . . 2 2 Utility 3 | . . . 1 2 Weapon 6 | . . . 1 5 Highest Loss Streak 11 | . . 1 1 11 To Critical Strikes . | . . . . . Average Slot Usage (%) 91 | . 98 86 90 51 Engine 11 | . 14 7 10 5 Treads 19 | . 28 28 6 . Leg 3 | . . . 9 14 Device 9 | . 6 14 11 3 Protection 15 | . 18 6 19 3 Energy Gun 28 | . 26 28 32 20 Naked Turns 5 | . . . . 5 Heaviest Build 27 | 13 27 17 27 20 Greatest Support 40 | 40 40 40 40 20 Greatest Overweight (x) 8 | . . . 8 4 Average Overweight (x) . | . . . . . Largest Inventory Capacity 8 | 8 8 5 5 5 Average Capacity 5 | 6 5 5 5 5 Most Carried 6 | 3 6 5 5 3 Average Carried 4 | 1 4 4 3 1 Final Capacity 8 | 8 5 5 5 5 Final Carried 5 | 1 5 4 3 . Class Distribution -------------------- 66% | Mutant 17% | Tank 14% | Scavenger-Tank Dominant Class ---------------- Mutant | -10/Materials Mutant | -10/Mines Tank | -9/Materials Mutant | -9/Mines Resources | -11 -10 -10 -9 -9 ----------- Run | Jun Mat Min Mat Min Matter Collected 573 | 211 197 20 145 . Remotely . | . . . . . Salvage Created 1810 | 28 474 461 782 65 Parts 92 | 1 25 10 51 5 Haulers Intercepted 1 | . 1 . . . Recyclers Shooed 1 | . 1 . . . Parts Field Recycled . | . . . . . Retrieved Matter . | . . . . . Parts Self-Destructed . | . . . . . Prevented . | . . . . . Kills | -11 -10 -10 -9 -9 ------- Run | Jun Mat Min Mat Min Combat Hostiles Destroyed 44 | . 13 11 19 1 Guns 44 | . 13 11 19 1 Classes Destroyed 10 | 1 4 1 4 . Worker 5 | 1 1 1 . 2 Builder 1 | . . . 1 . Hauler 1 | . 1 . . . Recycler 1 | . . . 1 . Operator 1 | . . . 1 . Watcher 5 | . 1 . 4 . Swarmer 16 | . 6 . 10 . Grunt 24 | . 7 10 7 . Sentry 2 | . . . 2 . Assembled 2 | . . 1 . 1 Best Kill Streak 8 | 1 6 5 8 3 Combat Bots Only 4 | . 4 4 4 1 Max Kills in Single Turn 2 | 1 2 1 1 1 Gunslinging . | . . . . . Exploded . | . . . . . Melee . | . . . . . Uniques/NPCs Destroyed . | . . . . . Combat | -11 -10 -10 -9 -9 -------- Run | Jun Mat Min Mat Min Damage Taken 2187 | . 508 308 465 906 Core 554 | . 75 76 29 374 Absorbed by Shields . | . . . . . Regen/Repaired (Parts) 93 | . 93 . . . Core Remaining (%) 69 | 100 . 39 . . Volleys Fired 146 | 2 47 40 49 8 Largest 3 | 2 2 2 3 3 Hottest 177 | 60 112 86 177 177 Shots Fired 332 | 4 93 79 135 21 Gun 331 | 4 93 79 135 20 Cannon . | . . . . . Launcher 1 | . . . . 1 Special . | . . . . . Kinetic 8 | 2 5 . . 1 Thermal 307 | 2 72 79 135 19 Explosive 1 | . . . . 1 Electromagnetic 16 | . 16 . . . Robot Hit Streak 12 | 3 6 12 6 6 Robot Miss Streak 7 | 1 5 3 7 5 Penetration Max . | . . . . . Secondary Targets 4 | . . . 3 1 Max Gunslinging Chain 1 | . . . 1 1 Shots Hit Robots 159 | 3 50 33 64 9 Core Hits 105 | 1 22 21 40 21 Critical Kills . | . . . . . Critical Parts Destroyed . | . . . . . Critical Strikes 16 | . 6 2 8 . Burn 16 | . 6 2 8 . Melee Attacks . | . . . . . Impact . | . . . . . Slashing . | . . . . . Piercing . | . . . . . Sneak Attacks . | . . . . . Combat Hostiles . | . . . . . Follow-up Attacks . | . . . . . Damage Inflicted 2319 | 49 751 413 884 222 Guns 2219 | 49 740 404 872 154 Cannons . | . . . . . Explosions 68 | . . . . 68 Melee . | . . . . . Ramming 32 | . 11 9 12 . Kinetic 69 | 26 30 . . 13 Thermal 2078 | 23 638 404 872 141 Explosive 68 | . . . . 68 Electromagnetic 72 | . 72 . . . Impact . | . . . . . Slashing . | . . . . . Piercing . | . . . . . Highest Corruption 7 | . . . . 7 Average Corruption 6 | . . . . 6 Corruption Purged . | . . . . . Corruption Blocked . | . . . . . Overload Shots . | . . . . . Overflow Damage . | . . . . . Projectiles . | . . . . . Explosions . | . . . . . Melee . | . . . . . Knockbacks 2 | . 1 . 1 . Impact 2 | . 1 . 1 . Kinetic . | . . . . . Secondary . | . . . . . Self-Inflicted Damage . | . . . . . Shots . | . . . . . Rammed 5 | . 1 2 2 . Targets Rammed 5 | . 1 2 2 . Kicked . | . . . . . Crushed . | . . . . . Highest Temperature 396 | . 396 8 329 242 Average Temperature 102 | . 112 3 90 136 Received Heat Transfer 381 | . 138 156 87 . Effects 3 | . 1 . 1 1 Energy Bleed 2 | . . . 1 1 Interference 1 | . 1 . . . Siege Activations . | . . . . . Robots Corrupted . | . . . . . Combat Hostiles . | . . . . . Parts Fried 1 | . 1 . . . Impact Corruptions . | . . . . . Robots Melted . | . . . . . Combat Hostiles . | . . . . . Parts Melted 13 | . 3 3 7 . Heat Transferred 6772 | 50 2109 1406 2998 209 Parts Sabotaged . | . . . . . Parts Stolen . | . . . . . Parts Stripped . | . . . . . Power Chain Reactions . | . . . . . Missiles Intercepted . | . . . . . Alert | -11 -10 -10 -9 -9 ------- Run | Jun Mat Min Mat Min Peak Influence 344 | 5 315 327 344 138 Initial 133 | . 3 122 49 133 Average 140 | . 103 212 168 92 Maximum Alert Level 1 | . 1 1 1 . Low Security (%) 70 | 100 86 44 61 100 Level 1 29 | . 13 55 38 . Level 2 . | . . . . . Level 3 . | . . . . . Level 4 . | . . . . . Level 5 . | . . . . . High Security . | . . . . . Max Security . | . . . . . Squads Dispatched 5 | . 3 . 2 . Investigation 3 | . 1 . 2 . Extermination . | . . . . . Reinforcement 2 | . 2 . . . Assault . | . . . . . Garrison . | . . . . . Intercept . | . . . . . Searches Triggered . | . . . . . Construction Impeded . | . . . . . Haulers Reinforced . | . . . . . Active Scanning Responses . | . . . . . Cargo Convoy Interrupts . | . . . . . Stealth | -11 -10 -10 -9 -9 --------- Run | Jun Mat Min Mat Min Distress Signals 1 | . 1 . . . Communications Jammed . | . . . . . Distress Signals . | . . . . . Times Spotted 63 | . 23 10 24 6 Peak Tracking Total 5 | . 5 4 4 4 Tactical Retreats 5 | . 4 . 1 . Traps | -11 -10 -10 -9 -9 ------- Run | Jun Mat Min Mat Min Traps Triggered 1 | . . . 1 . Indirectly . | . . . . . Trap Hack Attempts . | . . . . . Triggered . | . . . . . Disarmed . | . . . . . Reprogrammed . | . . . . . Reused . | . . . . . Traps Extracted . | . . . . . Installed . | . . . . . Triggered . | . . . . . Machines | -11 -10 -10 -9 -9 ---------- Run | Jun Mat Min Mat Min Machines Disabled . | . . . . . Max in Single Turn . | . . . . . Machines Repaired . | . . . . . Machines Sabotaged . | . . . . . Overloaded Fab Kills . | . . . . . Hacking | -11 -10 -10 -9 -9 --------- Run | Jun Mat Min Mat Min Machines Accessed 5 | . 3 . 2 . Terminals 2 | . 1 . 1 . Fabricators . | . . . . . Repair Stations 1 | . 1 . . . Recycling Units 1 | . 1 . . . Scanalyzers 1 | . . . 1 . Garrison Access . | . . . . . Total Hacks 18 | . 13 . 5 . Successful 13 | . 10 . 3 . Failed 5 | . 3 . 2 . Catastrophic . | . . . . . Database Lockouts . | . . . . . Manual . | . . . . . Terminals 6 | . 4 . 2 . Fabricators . | . . . . . Repair Stations 7 | . 7 . . . Recycling Units 2 | . 2 . . . Scanalyzers 3 | . . . 3 . Garrison Access . | . . . . . Terminal Hacks 3 | . 3 . . . Record 3 | . 3 . . . Fabricator Hacks . | . . . . . Repair Station Hacks 6 | . 6 . . . Scan Component 3 | . 3 . . . Repair 2 | . 2 . . . Refit 1 | . 1 . . . Recycling Unit Hacks 1 | . 1 . . . Process 1 | . 1 . . . Scanalyzer 3 | . . . 3 . Insert Component 2 | . . . 2 . Analyze 1 | . . . 1 . Garrison Access Hacks . | . . . . . Unauthorized Hacks . | . . . . . Terminals . | . . . . . Fabricators . | . . . . . Repair Stations . | . . . . . Recycling Units . | . . . . . Scanalyzers . | . . . . . Garrison Access . | . . . . . Data Cores Recovered 1 | . . . 1 . Used . | . . . . . Hacking Detections 5 | . 3 . 2 . Full Trace Events 2 | . 1 . 1 . Feedback Events . | . . . . . Feedback Blocked . | . . . . . Robot Schematics Acquired . | . . . . . Robots Built . | . . . . . Authchips . | . . . . . Time . | . . . . . Total Robot Build Rating . | . . . . . Part Schematics Acquired 1 | . . . 1 . Parts Built . | . . . . . Authchips . | . . . . . Time . | . . . . . Total Part Build Rating . | . . . . . Parts Repaired 2 | . 2 . . . Time 58 | . 58 . . . Parts Recycled . | . . . . . Recycled Matter 135 | . 135 . . . Retrieved Matter . | . . . . . Retrieved Components . | . . . . . Parts Scanalyzed 1 | . . . 1 . Part Schematics Acquired 1 | . . . 1 . Parts Damaged . | . . . . . Bothacking | -11 -10 -10 -9 -9 ------------ Run | Jun Mat Min Mat Min Used RIF Installer . | . . . . . Robots Hacked . | . . . . . Non-combat . | . . . . . Combat . | . . . . . Robot Hacks Applied . | . . . . . Relay Couplers Released . | . . . . . Fabnet Peak Effective % . | . . . . . Robots Rewired . | . . . . . Allies Hacked . | . . . . . Hacks Repelled . | . . . . . Allies | -11 -10 -10 -9 -9 -------- Run | Jun Mat Min Mat Min Total Allies . | . . . . . Largest Group . | . . . . . Highest-Rated Group . | . . . . . Highest-Rated Ally . | . . . . . Total Orders . | . . . . . Ally Attacks . | . . . . . Total Damage . | . . . . . Kills . | . . . . . Allies Corrupted . | . . . . . Allies Melted . | . . . . . Intel | -11 -10 -10 -9 -9 ------- Run | Jun Mat Min Mat Min Robot Analysis Total . | . . . . . Derelict Logs Recovered 1 | . . 1 . . Drone Launches . | . . . . . Drone Recoveries . | . . . . . Exploration | -11 -10 -10 -9 -9 ------------- Run | Jun Mat Min Mat Min Turns Passed 1986 | 107 770 410 641 58 Spaces Moved 850 | 58 366 151 238 37 Core 36 | 3 . . 2 31 Treads 679 | 55 366 151 107 . Legs 132 | . . . 126 6 Wheels . | . . . . . Hover . | . . . . . Flight 3 | . . . 3 . Fastest Speed 50 | 50 160 160 120 50 Average Speed 162 | 154 160 160 185 72 Slowest Speed 450 | 160 160 160 450 250 Overloaded Moves . | . . . . . Propulsion Burnouts . | . . . . . Robots Hopped . | . . . . . Cave-ins Triggered . | . . . . . Exploration Rate (%) 28 | 5 63 31 32 9 Regions Visited 4 Branch Regions 2 Pre-discovered Areas 1 | . . 1 . . Known Exits Taken . | . . . . . Unknown Exits Taken 4 | 1 1 1 1 . Scrap Searched . | . . . . . Spaces Dug 10 | . . . . 10 Terrain Destroyed 10 | . . . . 10 Melee . | . . . . . Projectile . | . . . . . AOE 10 | . . . . 10 Terrain Rammed . | . . . . . Walls Destroyed . | . . . . . Machines Disabled . | . . . . . Actions | -11 -10 -10 -9 -9 --------- Run | Jun Mat Min Mat Min Total 1149 | 72 458 239 329 51 Wait 67 | . 8 45 11 3 Move 846 | 57 365 150 237 37 Hop . | . . . . . Pick Up 27 | 7 13 . 7 . Fast Attach 4 | . 1 1 2 . Attach 19 | 6 2 1 7 3 Detach . | . . . . . Swap 16 | . 10 . 6 . Drop 19 | . 11 . 8 . Fire 146 | 2 47 40 49 8 Melee . | . . . . . Ram . | . . . . . Kick . | . . . . . Crush 5 | . 1 2 2 . Escape Stasis . | . . . . . Rewire . | . . . . . Trap . | . . . . . Miscellaneous . | . . . . . Route ------- -11/Junkyard -10/Materials (discovered 3 exits: *Mat x2 / [*Min]) -10/Mines -9/Materials -9/Mines History --------- Turn | Location | Event 18 | -11/Junkyard | Discovered new exit (range 15) 108 | -11/Junkyard | Entered Materials 316 | -10/Materials | Build established: Mutant 584 | -10/Materials | Discovered new exit (range 13) 743 | -10/Materials | Discovered new exit (range 8) 832 | -10/Materials | Repaired EM Pulse Gun 864 | -10/Materials | Repaired Med. Armor Plating? 867 | -10/Materials | Discovered new exit (range 8) 878 | -10/Materials | Entered Mines 909 | -10/Mines | Learned location of Zion (-7) 950 | -10/Mines | Excavation squad dispatched 950 | -10/Mines | A large section of the Mines collapsed 1045 | -10/Mines | Core integrity fell below 50% 1200 | -10/Mines | Excavation squad dispatched 1272 | -10/Mines | Discovered new exit (range 11) 1288 | -10/Mines | Entered Materials 1288 | -9/Materials | Evolved 2 slots: Utility x1, Weapon x1 1576 | -9/Materials | Build established: Tank 1865 | -9/Materials | Discovered new exit (range 7) 1929 | -9/Materials | Entered Mines 1930 | -9/Mines | Assembled infested the area 1952 | -9/Mines | Met 8R-AWN 1965 | -9/Mines | Core integrity fell below 50% 1972 | -9/Mines | Core integrity fell below 20% 1987 | -9/Mines | Destroyed by D-53 Grenadier with Mini Grenade Launcher Last Messages --------------- as-00348 suffers critical hit (Destroy). as-00348 destroyed. HV Slug penetrates Wall. Beam Rifle destroyed. Lgt. Ion Engine destroyed. Overheating: Energy bleed (-12). The unstable cave ceiling collapses. Aluminum Leg destroyed. U-05 Engineer builds a Wall. Imp. Ion Engine destroyed. U-05 Engineer builds a Wall. HV Slug penetrates as-94472. as-94472 suffers critical hit (Destroy). HV Slug penetrates as-94472. as-94472 suffers critical hit (Destroy). The unstable cave ceiling collapses. Hvy. Assault Rifle destroyed. Spread Laser destroyed. D-53 Grenadier destroyed. The unstable cave ceiling collapses. Map ----- +----------------------------------------------------+ | | | | | | | | | | | | | | | | | | | | | ???????????????????????????????????????????? | | ???????????????????????????????????????????? | | ???????????????????????????????????????????? | | ???????????????????????????????????????????? | | ???????????????????????????????????????????? | | ???????????????????????##??????????????????? | | ??????????????????????? ??????????????????? | | ???????????????????????# ????###???????????? | | ??????????????????????## ??### ####????????? | | ??????????????????????? ??# ###??????? | | ???????????????????????# ### #??????? | | ???????????????????????#t #??????? | | ??????????????????????## ##?????? | | ??????????????????????# d ##????? | | ???????????????????#### # #????? | | ??????????????????## @ ### #????? | | ?????????????????## #???####????? | | ????????????????## #???????????? | | ????????????????# # ##???????????? | | ????????????????# #????????????? | | ????????????????# # ##????????????? | | ????????????????# ????????????? | | ????????????????## # #### #??????????? | | ????????????????## % #??????????? | | ???????????????? ## """ #??????????? | | ?????????????? ## """ #??????????? | | ???????????? ## # ## """ #??????????? | | ??????????#% ?### ## ### ?#??????????? | | ??????????##%%"????##??##??##?#????????????? | | ???????????#% ?????????????????????????????? | | ???????????# ??????????????????????????????? | | ???????????#???????????????????????????????? | | ???????????????????????????????????????????? | | ???????????????????????????????????????????? | | ???????????????????????????????????????????? | | ???????????????????????????????????????????? | | ???????????????????????????????????????????? | | ???????????????????????????????????????????? | | ???????????????????????????????????????????? | | ???????????????????????????????????????????? | +----------------------------------------------------+ Best States ------------- Heat Dissipation 42 Energy Generation 12 Energy Capacity 265 Matter Stores 300 Matter Capacity 300 Sight Range 16 Terrain Scan Density 10 Armor Coverage 450 Evasion (%) 55 Recoil Reduction 2 Item Schematics ----------------- Imp. Ion Engine | -9/Materials | Scanalyzed Robot Schematics ------------------ None Fabricated ------------ Nothing Alien Tech Used ----------------- None Achievements -------------- None Challenges ------------ None Game ------ Seed ThunderOpticalInjector Manual? 0 Play Time 00:31:15 Cumulative 2.7 hours Start 2023.09.29 @ 20:29:55 End 2023.09.29 @ 20:59:03 Sessions 1 Manual Loads 0 Difficulty Rogue Special Mode None Game No. 5 Rogue 5 Adventurer 0 Explorer 0 Win Type - Total 0 Types 0/0/0/0/0/0/0/0/0 Lore% 2 Gallery% 7 Achievement% 5 Wizard Run 0 Options --------- ASCII 0 Keyboard 0 Movement Mouse Keybinds 0 Fullscreen 1 Font 18/SmallcapsGlow Map View 76x50 Tactical HUD 0 Map Filters NONE Filters NONE Steam 1 RUN: c5d635e8-2217-4f05-92e9-62034f806b12